SL
THUNDER BAY NORTHERN LIONS BC @ FT. WORTH CATTLEMEN
06/17/2032
 
TOP OF THE 1ST
Thunder Bay Northern Lions BC batting - Pitching for Ft. Worth Cattlemen : RHP Fraser Cuevas
Pitching: RHP Fraser Cuevas
Batting: RHB Augusto Encarnación 0-0: Called Strike
0-1: Called Strike
0-2: Ball
1-2: Foul Ball, location: 2F
1-2: Ball
2-2: Ground out 6-3 (Groundball, 6)
Batting: RHB Denis Higgins 0-0: Ball
1-0: Ball
2-0: Fly out, F8 (Flyball, 89M)
Batting: RHB António Mendoza 0-0: Ball
1-0: Ball
2-0: Ball
3-0: Called Strike
3-1: Called Strike
3-2: Fly out, F5 (Line Drive, 5)
Top of the 1st over - 0 runs, 0 hits, 0 errors, 0 left on base; Thunder Bay 0 - Ft. Worth 0
BOTTOM OF THE 1ST
Ft. Worth Cattlemen batting - Pitching for Thunder Bay Northern Lions BC : RHP Rafael Cardona
Pitching: RHP Rafael Cardona
Batting: SHB Javier Vázquez 0-0: Ball
1-0: Foul Ball, location: 2F
1-1: Foul Ball, location: 2F
1-2: Ball
2-2: Foul Ball, location: 2F
2-2: Ball
3-2: Foul Ball, location: 2F
3-2: SINGLE (Line Drive, 6MD)
Batting: LHB Jesús Morales 0-0: Ball
1-0: Fly out, F8 (Flyball, 89D)
Batting: RHB Gilberto Juárez 0-0: Called Strike
0-1: Ball
1-1: Foul Ball, location: 2F
1-2: Ball
2-2: Strikes out swinging
Batting: LHB Rick Mayfield 0-0: Called Strike
0-1: Ball
1-1: Called Strike
1-2: Ball
2-2: Ball
Passed Ball!
Javier Vázquez to second
3-2: SINGLE (Groundball, 56) (infield hit)
Javier Vázquez to third
Batting: RHB Bart Lewis 0-0: Ball
1-0: Ground out 1-3 (Groundball, P)
Bottom of the 1st over - 0 runs, 2 hits, 0 errors, 2 left on base; Thunder Bay 0 - Ft. Worth 0
TOP OF THE 2ND
Thunder Bay Northern Lions BC batting - Pitching for Ft. Worth Cattlemen : RHP Fraser Cuevas
Batting: RHB Carlos Padilla 0-0: Ball
1-0: Ball
2-0: SINGLE (Groundball, 34D)
Batting: RHB Ricardo Téllez 0-0: Ball
1-0: Ball
2-0: Called Strike
2-1: Swinging Strike
2-2: Ball
3-2: Strikes out looking
Batting: RHB Edgar Balerio 0-0: Called Strike
0-1: Foul Ball, location: 2F
0-2: Ball
1-2: SINGLE (Line Drive, 5D)
Carlos Padilla to second
Batting: LHB Luis Freitas 0-0: Ball
1-0: Ball
2-0: Called Strike
2-1: Foul Ball, location: 2F
2-2: Strikes out looking
Batting: RHB Bartolo Morales 0-0: Called Strike
0-1: Fielders Choice at 2nd, 5-4 (Groundball, 56)
Top of the 2nd over - 0 runs, 2 hits, 0 errors, 2 left on base; Thunder Bay 0 - Ft. Worth 0
BOTTOM OF THE 2ND
Ft. Worth Cattlemen batting - Pitching for Thunder Bay Northern Lions BC : RHP Rafael Cardona
Batting: SHB Roberto Mosca 0-0: Ball
1-0: Ball
2-0: Called Strike
2-1: Swinging Strike
2-2: Foul Ball, location: 2F
2-2: SINGLE (Line Drive, 8LS)
Batting: RHB Jesús Martínez 0-0: Fly out, F9 (Flyball, 89S)
Batting: LHB Chris Etheridge 0-0: Ball
1-0: Ball
2-0: Ground out 5-3 (Groundball, 56S)
Roberto Mosca to second
Batting: RHB Vincent Vega 0-0: SINGLE (Groundball, 2R) (infield hit)
Roberto Mosca to third
Batting: SHB Javier Vázquez 0-0: Called Strike
0-1: Fly out, F7 (Flyball, 7LSF)
Bottom of the 2nd over - 0 runs, 2 hits, 0 errors, 2 left on base; Thunder Bay 0 - Ft. Worth 0
TOP OF THE 3RD
Thunder Bay Northern Lions BC batting - Pitching for Ft. Worth Cattlemen : RHP Fraser Cuevas
Batting: RHB Rafael Pueblo 0-0: Ball
1-0: Foul Ball, location: 2F
1-1: Ball
2-1: DOUBLE (Line Drive, 89D)
Batting: RHB Augusto Encarnación 0-0: Ball
1-0: Ball
2-0: Ground out 6-3 (Groundball, 6)
Batting: RHB Denis Higgins 0-0: SINGLE (Groundball, 6MD)
Rafael Pueblo to third
Runner from 3rd tries for Home, SAFE, no throw
Batting: RHB António Mendoza 0-0: Ball
1-0: Fly out, F4 (Popup, 4M)
Batting: RHB Carlos Padilla 0-0: Called Strike
0-1: Foul Ball, location: 2F
0-2: Strikes out looking
Top of the 3rd over - 1 run, 2 hits, 0 errors, 1 left on base; Thunder Bay 1 - Ft. Worth 0
BOTTOM OF THE 3RD
Ft. Worth Cattlemen batting - Pitching for Thunder Bay Northern Lions BC : RHP Rafael Cardona
Batting: LHB Jesús Morales 0-0: Called Strike
0-1: Ground out 4-3 (Groundball, 34)
Batting: RHB Gilberto Juárez 0-0: Called Strike
0-1: Foul Ball, location: 2F
0-2: Ball
1-2: Fly out, F8 (Flyball, 8LS)
Batting: LHB Rick Mayfield 0-0: Swinging Strike
0-1: Swinging Strike
0-2: Fly out, F9 (Flyball, 9D)
Bottom of the 3rd over - 0 runs, 0 hits, 0 errors, 0 left on base; Thunder Bay 1 - Ft. Worth 0
TOP OF THE 4TH
Thunder Bay Northern Lions BC batting - Pitching for Ft. Worth Cattlemen : RHP Fraser Cuevas
Batting: RHB Ricardo Téllez 0-0: Called Strike
0-1: Ball
1-1: Ground out 6-3 (Groundball, 6)
Batting: RHB Edgar Balerio 0-0: Foul Ball, location: 2F
0-1: Ball
1-1: Ground out 1-3 (Groundball, 13)
Batting: LHB Luis Freitas 0-0: Called Strike
0-1: Ball
1-1: Ground out 4-3 (Groundball, 4)
Top of the 4th over - 0 runs, 0 hits, 0 errors, 0 left on base; Thunder Bay 1 - Ft. Worth 0
BOTTOM OF THE 4TH
Ft. Worth Cattlemen batting - Pitching for Thunder Bay Northern Lions BC : RHP Rafael Cardona
Batting: RHB Bart Lewis 0-0: Ball
1-0: Ball
2-0: Ball
3-0: Called Strike
3-1: Foul Ball, location: 2F
3-2: Strikes out swinging
Batting: SHB Roberto Mosca 0-0: Ball
1-0: Foul Ball, location: 2F
1-1: Ball
2-1: Ground out 4-3 (Groundball, 4)
Batting: RHB Jesús Martínez 0-0: Ball
1-0: Ball
2-0: Ground out 5-3 (Groundball, 5L)
Bottom of the 4th over - 0 runs, 0 hits, 0 errors, 0 left on base; Thunder Bay 1 - Ft. Worth 0
TOP OF THE 5TH
Thunder Bay Northern Lions BC batting - Pitching for Ft. Worth Cattlemen : RHP Fraser Cuevas
Batting: RHB Bartolo Morales 0-0: Ball
1-0: Foul Ball, location: 2F
1-1: Swinging Strike
1-2: Foul Ball, location: 2F
1-2: Foul Ball, location: 2F
1-2: Strikes out looking
Batting: RHB Rafael Pueblo 0-0: Called Strike
0-1: Ball
1-1: Ground out 6-3 (Groundball, 6)
Batting: RHB Augusto Encarnación 0-0: Ball
1-0: Ball
2-0: Ball
3-0: Called Strike
3-1: Foul Ball, location: 2F
3-2: Fly out, F9 (Flyball, 9S)
Top of the 5th over - 0 runs, 0 hits, 0 errors, 0 left on base; Thunder Bay 1 - Ft. Worth 0
BOTTOM OF THE 5TH
Ft. Worth Cattlemen batting - Pitching for Thunder Bay Northern Lions BC : RHP Rafael Cardona
Batting: LHB Chris Etheridge 0-0: Ball
1-0: Ball
2-0: Foul Ball, location: 2F
2-1: Called Strike
2-2: Fly out, F8 (Line Drive, 8RD)
Batting: RHB Vincent Vega 0-0: Called Strike
0-1: Ground out U3 (Groundball, 34S)
Batting: SHB Javier Vázquez 0-0: Called Strike
0-1: Swinging Strike
0-2: Ball
1-2: Ball
2-2: Ball
3-2: Ground out 4-3 (Groundball, 4S)
Bottom of the 5th over - 0 runs, 0 hits, 0 errors, 0 left on base; Thunder Bay 1 - Ft. Worth 0
TOP OF THE 6TH
Thunder Bay Northern Lions BC batting - Pitching for Ft. Worth Cattlemen : RHP Fraser Cuevas
Batting: RHB Denis Higgins 0-0: Ball
1-0: SINGLE (Flyball, 89S)
Batting: RHB António Mendoza 0-0: Ball
1-0: Ball
2-0: Ball
3-0: Foul Ball, location: 2F
3-1: Called Strike
3-2: Fly out, F6 (Popup, 6)
Batting: RHB Carlos Padilla 0-0: Ball
1-0: Swinging Strike
1-1: Fielders Choice at 2nd, 3-6 (Groundball, 3)
Batting: RHB Ricardo Téllez 0-0: Called Strike
0-1: Fly out, F8 (Flyball, 89M)
Top of the 6th over - 0 runs, 1 hit, 0 errors, 1 left on base; Thunder Bay 1 - Ft. Worth 0
BOTTOM OF THE 6TH
Ft. Worth Cattlemen batting - Pitching for Thunder Bay Northern Lions BC : RHP Rafael Cardona
Batting: LHB Jesús Morales 0-0: Fly out, F3 (Line Drive, 3)
Batting: RHB Gilberto Juárez 0-0: Foul Ball, location: 2F
0-1: Ground out 4-3 (Groundball, 34)
Batting: LHB Rick Mayfield 0-0: Foul Ball, location: 2F
0-1: Ball
1-1: Fly out, F6 (Popup, 56D)
Bottom of the 6th over - 0 runs, 0 hits, 0 errors, 0 left on base; Thunder Bay 1 - Ft. Worth 0
TOP OF THE 7TH
Thunder Bay Northern Lions BC batting - Pitching for Ft. Worth Cattlemen : RHP Fraser Cuevas
Batting: RHB Edgar Balerio 0-0: Foul Ball, location: 2F
0-1: Foul Ball, location: 2F
0-2: Ball
1-2: Ground out 4-3 (Groundball, 4S)
Batting: LHB Luis Freitas 0-0: Called Strike
0-1: Ground out U3 (Groundball, 3)
Batting: RHB Bartolo Morales 0-0: Ball
1-0: Ball
2-0: Called Strike
2-1: Swinging Strike
2-2: Ground out 6-3 (Groundball, 6)
Top of the 7th over - 0 runs, 0 hits, 0 errors, 0 left on base; Thunder Bay 1 - Ft. Worth 0
BOTTOM OF THE 7TH
Ft. Worth Cattlemen batting - Pitching for Thunder Bay Northern Lions BC : RHP Rafael Cardona
Batting: RHB Bart Lewis 0-0: Called Strike
0-1: Ball
1-1: Ball
2-1: Ball
3-1: Base on Balls
Batting: SHB Roberto Mosca 0-0: Called Strike
0-1: Ball
1-1: Swinging Strike
1-2: Grounds into double play, 4-6-3 (Groundball, 4)
Batting: RHB Jesús Martínez 0-0: Swinging Strike
0-1: Ball
1-1: Ball
2-1: Called Strike
2-2: Foul Ball, location: 2F
2-2: Foul Ball, location: 2F
2-2: Fly out, F8 (Flyball, 78S)
Bottom of the 7th over - 0 runs, 0 hits, 0 errors, 0 left on base; Thunder Bay 1 - Ft. Worth 0
TOP OF THE 8TH
Thunder Bay Northern Lions BC batting - Pitching for Ft. Worth Cattlemen : RHP Fraser Cuevas
Batting: RHB Rafael Pueblo 0-0: Ball
1-0: Called Strike
1-1: SINGLE (Groundball, 34) (infield hit)
Pitching: LHP Jesús Tejeda
Batting: RHB Augusto Encarnación 0-0: Bunted foul
0-1: Sac Bunt - play at first, batter OUT! 3-4
Rafael Pueblo to second
Batting: RHB Denis Higgins 0-0: Ball
1-0: Ball
2-0: Foul Ball, location: 2F
2-1: Ground out 6-3 (Groundball, 6)
Rafael Pueblo to third
Batting: RHB António Mendoza 0-0: Ground out 6-3 (Groundball, 6)
Top of the 8th over - 0 runs, 1 hit, 0 errors, 1 left on base; Thunder Bay 1 - Ft. Worth 0
BOTTOM OF THE 8TH
Ft. Worth Cattlemen batting - Pitching for Thunder Bay Northern Lions BC : RHP Rafael Cardona
Batting: LHB Chris Etheridge 0-0: Fly out, F9 (Flyball, 89M)
Batting: RHB Vincent Vega 0-0: Called Strike
0-1: Called Strike
0-2: Fly out, F6 (Popup, 4M)
Batting: SHB Javier Vázquez 0-0: Ball
1-0: Ball
2-0: Ball
3-0: Base on Balls
Batting: LHB Jesús Morales 0-0: Fielders Choice at 2nd, 5-4 (Groundball, 5)
Bottom of the 8th over - 0 runs, 0 hits, 0 errors, 1 left on base; Thunder Bay 1 - Ft. Worth 0
TOP OF THE 9TH
Thunder Bay Northern Lions BC batting - Pitching for Ft. Worth Cattlemen : LHP Jesús Tejeda
Pitching: RHP Nicholas Wells
Batting: RHB Carlos Padilla 0-0: Foul Ball, location: 2F
0-1: Ball
1-1: Called Strike
1-2: Foul Ball, location: 2F
1-2: Ball
2-2: Ball
3-2: Reached on error, E1 (Groundball, P)
Batting: RHB Ricardo Téllez 0-0: SINGLE (Groundball, 6MD)
Carlos Padilla to second
Runner from 2nd tries for 3rd, OUT!
Pinch Hitting: LHB David Smith 0-0: Foul Ball, location: 2F
0-1: Hit by Pitch
Ricardo Téllez to second
Batting: LHB Luis Freitas 0-0: Foul Ball, location: 2F
0-1: Foul Ball, location: 2F
0-2: Fly out, F3 (Line Drive, 34)
Batting: RHB Bartolo Morales 0-0: Ball
1-0: Ball
2-0: Ground out 1-3 (Groundball, P)
Top of the 9th over - 0 runs, 1 hit, 1 error, 2 left on base; Thunder Bay 1 - Ft. Worth 0
BOTTOM OF THE 9TH
Ft. Worth Cattlemen batting - Pitching for Thunder Bay Northern Lions BC : RHP Rafael Cardona
Now in LF: David Smith
Batting: RHB Gilberto Juárez 0-0: Ball
1-0: Ball
2-0: Called Strike
2-1: Foul Ball, location: 2F
2-2: Strikes out swinging
Batting: LHB Rick Mayfield 0-0: Ball
1-0: SINGLE (Line Drive, 8LS)
Pitching: RHP Anatoly Ivanovich
Batting: RHB Bart Lewis 0-0: Ball
1-0: Ball
2-0: Called Strike
2-1: Called Strike
2-2: Foul Ball, location: 2F
2-2: Ball
3-2: Strikes out swinging
Batting: SHB Roberto Mosca 0-0: Called Strike
0-1: Ball
1-1: SINGLE (Line Drive, 7S)
Rick Mayfield to second
Throwing error, E7
Rick Mayfield scores
Roberto Mosca to second
Batting: RHB Jesús Martínez 0-0: Foul Ball, location: 2F
0-1: Ball
1-1: Ball
2-1: Swinging Strike
2-2: Strikes out swinging
Bottom of the 9th over - 1 run, 2 hits, 1 error, 1 left on base; Thunder Bay 1 - Ft. Worth 1
TOP OF THE 10TH
Thunder Bay Northern Lions BC batting - Pitching for Ft. Worth Cattlemen : RHP Nicholas Wells
Batting: RHB Rafael Pueblo 0-0: Ball
1-0: Ball
2-0: SINGLE (Groundball, 25) (infield hit)
Batting: RHB Augusto Encarnación 0-0: Bunted foul
0-1: Bunted foul
0-2: Ball
1-2: Foul Ball, location: 2F
1-2: Foul Ball, location: 2F
1-2: Ground out 5-3 (Groundball, 5)
Rafael Pueblo to second
Batting: RHB Denis Higgins 0-0: Ball
1-0: Called Strike
1-1: Called Strike
1-2: Strikes out swinging
Batting: RHB António Mendoza 0-0: Ball
1-0: Fly out, F3 (Popup, 3F)
Top of the 10th over - 0 runs, 1 hit, 0 errors, 1 left on base; Thunder Bay 1 - Ft. Worth 1
BOTTOM OF THE 10TH
Ft. Worth Cattlemen batting - Pitching for Thunder Bay Northern Lions BC : RHP Anatoly Ivanovich
Batting: LHB Chris Etheridge 0-0: Ball
1-0: Foul Ball, location: 2F
1-1: Called Strike
1-2: Fly out, F8 (Flyball, 89D)
Batting: RHB Vincent Vega 0-0: DOUBLE (Line Drive, 7LM)
Batting: SHB Javier Vázquez 0-0: Called Strike
0-1: Swinging Strike
0-2: Strikes out swinging
Batting: LHB Jesús Morales 0-0: Ball
1-0: Ball
Wild Pitch!
Vincent Vega to third
2-0: Called Strike
2-1: Ground out U3 (Groundball, 3)
Bottom of the 10th over - 0 runs, 1 hit, 0 errors, 1 left on base; Thunder Bay 1 - Ft. Worth 1
TOP OF THE 11TH
Thunder Bay Northern Lions BC batting - Pitching for Ft. Worth Cattlemen : RHP Nicholas Wells
Pitching: LHP Pedro Ortíz
Batting: RHB Carlos Padilla 0-0: SINGLE (Line Drive, 78M)
Pinch Runner at 1st Joe Aller:
Batting: RHB Ricardo Téllez 0-0: Called Strike
0-1: Called Strike
0-2: Ball
1-2: Foul Ball, location: 2F
1-2: Foul Ball, location: 2F
1-2: Foul Ball, location: 2F
1-2: Fly out, F8 (Line Drive, 8LD)
Batting: LHB David Smith 0-0: Ball
1-0: Foul Ball, location: 2F
1-1: Ball
2-1: Ball
3-1: Ground out 4-3 (Groundball, 4S)
Joe Aller to second
Batting: LHB Luis Freitas 0-0: Ball
1-0: Fly out, F7 (Flyball, 7)
Top of the 11th over - 0 runs, 1 hit, 0 errors, 1 left on base; Thunder Bay 1 - Ft. Worth 1
BOTTOM OF THE 11TH
Ft. Worth Cattlemen batting - Pitching for Thunder Bay Northern Lions BC : RHP Anatoly Ivanovich
Now at C: Pedro Torres
Batting: RHB Gilberto Juárez 0-0: Foul Ball, location: 2F
0-1: Foul Ball, location: 2F
0-2: Foul Ball, location: 2F
0-2: Strikes out swinging
Batting: LHB Rick Mayfield 0-0: Foul Ball, location: 2F
0-1: Called Strike
0-2: Ball
1-2: Ball
2-2: Ball
3-2: Strikes out swinging
Batting: RHB Bart Lewis 0-0: Ball
1-0: Ground out 6-3 (Groundball, 6)
Bottom of the 11th over - 0 runs, 0 hits, 0 errors, 0 left on base; Thunder Bay 1 - Ft. Worth 1
TOP OF THE 12TH
Thunder Bay Northern Lions BC batting - Pitching for Ft. Worth Cattlemen : LHP Pedro Ortíz
Batting: RHB Bartolo Morales 0-0: Ground out 6-3 (Groundball, 6)
Batting: RHB Rafael Pueblo 0-0: Ball
1-0: SINGLE (Groundball, 5D)
Batting: RHB Augusto Encarnación 0-0: Fly out, F7 (Flyball, 7LS)
Batting: RHB Denis Higgins 0-0: Ball
1-0: Called Strike
1-1: Ball
2-1: Called Strike
2-2: Ball
3-2: Foul Ball, location: 2F
3-2: Ground out 6-3 (Groundball, 6)
Top of the 12th over - 0 runs, 1 hit, 0 errors, 1 left on base; Thunder Bay 1 - Ft. Worth 1
BOTTOM OF THE 12TH
Ft. Worth Cattlemen batting - Pitching for Thunder Bay Northern Lions BC : RHP Anatoly Ivanovich
Pitching: RHP Scott William
Batting: SHB Roberto Mosca 0-0: SINGLE (Groundball, 4MD)
Batting: RHB Jesús Martínez 0-0: Ball
Roberto Mosca steals 2nd base
1-0: Ball
2-0: Called Strike
2-1: Foul Ball, location: 2F
2-2: Strikes out swinging
Batting: LHB Chris Etheridge 0-0: Swinging Strike
0-1: Ball
1-1: Called Strike
1-2: Foul Ball, location: 2F
1-2: Fly out, F9 (Flyball, 9LS)
Batting: RHB Vincent Vega 0-0: Called Strike
0-1: Ground out 6-3 (Groundball, 6S)
Bottom of the 12th over - 0 runs, 1 hit, 0 errors, 1 left on base; Thunder Bay 1 - Ft. Worth 1
TOP OF THE 13TH
Thunder Bay Northern Lions BC batting - Pitching for Ft. Worth Cattlemen : LHP Pedro Ortíz
Pitching: LHP Jason Horne
Batting: RHB António Mendoza 0-0: Ball
1-0: Ball
2-0: Ball
3-0: Called Strike
3-1: Base on Balls
Batting: RHB Pedro Torres 0-0: Fielders Choice at 2nd, 6-4 (Groundball, 56)
Batting: RHB Ricardo Téllez 0-0: Called Strike
0-1: Grounds into double play, 6-4-3 (Groundball, 6)
Top of the 13th over - 0 runs, 0 hits, 0 errors, 0 left on base; Thunder Bay 1 - Ft. Worth 1
BOTTOM OF THE 13TH
Ft. Worth Cattlemen batting - Pitching for Thunder Bay Northern Lions BC : RHP Scott William
Batting: SHB Javier Vázquez 0-0: Ball
1-0: Called Strike
1-1: Ball
2-1: Fly out, F9 (Flyball, 9LS)
Batting: LHB Jesús Morales 0-0: Called Strike
0-1: Foul Ball, location: 2F
0-2: Ball
1-2: Ball
2-2: Foul Ball, location: 2F
2-2: Ball
3-2: Base on Balls
Batting: RHB Gilberto Juárez 0-0: Ball
1-0: Foul Ball, location: 2F
1-1: Swinging Strike
1-2: Strikes out looking
Batting: LHB Rick Mayfield 0-0: Ball
1-0: Called Strike
1-1: Fly out, F5 (Popup, 25F)
Bottom of the 13th over - 0 runs, 0 hits, 0 errors, 1 left on base; Thunder Bay 1 - Ft. Worth 1
TOP OF THE 14TH
Thunder Bay Northern Lions BC batting - Pitching for Ft. Worth Cattlemen : LHP Jason Horne
Batting: LHB David Smith 0-0: Called Strike
0-1: SINGLE (Groundball, 34D)
Batting: LHB Luis Freitas 0-0: Sac Bunt - play at first, batter OUT! 1-4
David Smith to second
Batting: RHB Bartolo Morales 0-0: Called Strike
0-1: Ball
1-1: Foul Ball, location: 2F
1-2: Ground out 5-3 (Groundball, 56)
Batting: RHB Rafael Pueblo 0-0: Ball
1-0: Ball
2-0: Foul Ball, location: 2F
2-1: Swinging Strike
2-2: Strikes out looking
Top of the 14th over - 0 runs, 1 hit, 0 errors, 1 left on base; Thunder Bay 1 - Ft. Worth 1
BOTTOM OF THE 14TH
Ft. Worth Cattlemen batting - Pitching for Thunder Bay Northern Lions BC : RHP Scott William
Batting: RHB Bart Lewis 0-0: Called Strike
0-1: Ground out 1-3 (Groundball, 13)
Batting: SHB Roberto Mosca 0-0: Ball
1-0: Called Strike
1-1: Ball
2-1: Ball
3-1: Called Strike
3-2: Foul Ball, location: 2F
3-2: Foul Ball, location: 2F
3-2: Fly out, F8 (Flyball, 8LXD)
Batting: RHB Jesús Martínez 0-0: Ball
1-0: Called Strike
1-1: Ground out 4-3 (Groundball, 4)
Bottom of the 14th over - 0 runs, 0 hits, 0 errors, 0 left on base; Thunder Bay 1 - Ft. Worth 1
TOP OF THE 15TH
Thunder Bay Northern Lions BC batting - Pitching for Ft. Worth Cattlemen : LHP Jason Horne
Pitching: RHP Roberto Cavazos
Batting: RHB Augusto Encarnación 0-0: Fly out, F7 (Line Drive, 78D)
Batting: RHB Denis Higgins 0-0: Ball
1-0: Ground out 5-3 (Groundball, 56)
Batting: RHB António Mendoza 0-0: Ball
1-0: Called Strike
1-1: Ball
2-1: Called Strike
2-2: Foul Ball, location: 2F
2-2: Ball
3-2: Fly out, F2 (Popup, 2LF)
Top of the 15th over - 0 runs, 0 hits, 0 errors, 0 left on base; Thunder Bay 1 - Ft. Worth 1
BOTTOM OF THE 15TH
Ft. Worth Cattlemen batting - Pitching for Thunder Bay Northern Lions BC : RHP Scott William
Batting: LHB Chris Etheridge 0-0: Ball
1-0: Ground out 4-3 (Groundball, 34)
Batting: RHB Vincent Vega 0-0: Swinging Strike
0-1: Swinging Strike
0-2: Strikes out swinging
Batting: SHB Javier Vázquez 0-0: Ball
1-0: Ball
2-0: Called Strike
2-1: Called Strike
2-2: Strikes out looking
Bottom of the 15th over - 0 runs, 0 hits, 0 errors, 0 left on base; Thunder Bay 1 - Ft. Worth 1
TOP OF THE 16TH
Thunder Bay Northern Lions BC batting - Pitching for Ft. Worth Cattlemen : RHP Roberto Cavazos
Batting: RHB Pedro Torres 0-0: SINGLE (Groundball, 56D)
Batting: RHB Ricardo Téllez 0-0: Ball
1-0: Ball
2-0: Swinging Strike
2-1: Ball
3-1: Foul Ball, location: 2F
3-2: Strikes out swinging
Batting: LHB David Smith 0-0: Called Strike
0-1: Hit by Pitch
Pedro Torres to second
Batting: LHB Luis Freitas 0-0: Ball
1-0: Foul Ball, location: 2F
1-1: Ball
2-1: Fielders Choice at 2nd, 4-6 (Groundball, 4)
Pedro Torres to third
Batting: RHB Bartolo Morales 0-0: Ball
1-0: Ball
2-0: Foul Ball, location: 2F
2-1: Foul Ball, location: 2F
2-2: Ground out 6-3 (Groundball, 6)
Top of the 16th over - 0 runs, 1 hit, 0 errors, 2 left on base; Thunder Bay 1 - Ft. Worth 1
BOTTOM OF THE 16TH
Ft. Worth Cattlemen batting - Pitching for Thunder Bay Northern Lions BC : RHP Scott William
Batting: LHB Jesús Morales 0-0: Ball
1-0: Foul Ball, location: 2F
1-1: Ground out U3 (Groundball, 3)
Batting: RHB Gilberto Juárez 0-0: Ball
1-0: Ball
2-0: Ball
3-0: Base on Balls
Pitching: RHP Dino Moonglampers
Batting: LHB Rick Mayfield 0-0: Called Strike
0-1: Ball
Gilberto Juárez is caught stealing 2nd base
1-1: SOLO HOME RUN (Flyball, 89XD), Distance : 424 ft
Wednesday, September 19th, 2018 - OOTP Baseball 18.8 Build 76